 Dungeon Sprint DCSS version 0.29-a0-468-ge57f7f99b4 (webtiles) character file.

Game seed: 15573552584278512838

23027 mhtbhm the Executioner (level 12, -10/128 HPs)
             Began as a Yellow Draconian Berserker on May 21, 2022.
             Was the Champion of Trog.
             Mangled by a ghoul (21 damage)
             ... in the Dungeon (Sprint VII: "The Pits").
             The game lasted 00:07:00 (4334 turns).

mhtbhm the Executioner (Yellow Draconian Berserker) Turns: 4334, Time: 00:07:03

Health: -10/128    AC: 13    Str: 24    XL:     12   Next: 68%
Magic:  12/12      EV: 20    Int:  8    God:    Trog [******]
Gold:   40         SH:  0    Dex: 11    Spells: 11/11 levels left

rFire   . . .      SeeInvis .   a - +3 executioner's axe (flame)
rCold   . . .      Faith    .   (shield currently unavailable)
rNeg    . . .      Spirit   .   (body armour unavailable)
rPois   .          Reflect  .   (helmet restricted)
rElec   .          Harm     .   p - +0 cloak
rCorr   +          Rampage  .   o - +0 pair of gloves
Will    .....      NoTele   +   (no boots)
Stlth   +++.......              (no amulet)
HPRegen 0.31/turn               j - +3 ring of evasion
MPRegen 0.13/turn               k - +3 ring of protection

@: on berserk cooldown, slowed, very slow
A: spit acid, AC +8, unfitting armour, cold-blooded, acid resistance
a: Breathe Acid, Renounce Religion, Berserk, Trog's Hand, Brothers in Arms


You were in the Dungeon.
You worshipped Trog.
Trog was exalted by your worship.
You visited 1 branch You collected 40 gold pieces.

Inventory:

Hand Weapons
 a - a +3 executioner's axe of flaming (weapon)
 n - a +3 vorpal war axe
 r - a +5 broad axe
Missiles
 q - 3 throwing nets (quivered)
Armour
 o - a +0 pair of gloves (worn)
 p - a +0 cloak (worn)
Jewellery
 j - a +3 ring of evasion (left hand)
 k - a +3 ring of protection (right hand)
 s - a ring of see invisible
 w - a ring of fire
Scrolls
 g - 4 scrolls of blinking
 i - a scroll of summoning
 t - 3 scrolls of identify
 u - 3 scrolls of enchant armour
 v - a scroll of poison
 x - a scroll of fog
 y - a scroll of immolation
 z - a scroll of fear
Potions
 b - 8 potions of curing
 c - 12 potions of heal wounds
 d - 2 potions of haste
 e - 4 potions of magic
 f - 3 potions of berserk rage
 h - 2 potions of invisibility
 l - 2 potions of might
 m - 2 potions of mutation


   Skills:
 + Level 18.5 Fighting
 + Level 24.1 Axes
 + Level 0.4 Throwing
 + Level 13.4 Dodging
 + Level 5.6 Stealth


You had 11 spell levels left.
You didn't know any spells.
Your spell library was empty.

Dungeon Overview and Level Annotations

Branches:
Dungeon (1/1)

Altars:


Innate Abilities, Weirdness & Mutations

You can spit globs of acid.
Your golden yellow scales are hard. (AC +8)
You cannot fit into any form of body armour.
You are cold-blooded and may be slowed by cold attacks.
You are resistant to acid. (rCorr)


Message History

You slash the ghoul! You burn the ghoul. You slice the ghoul!!
You burn the ghoul! The ghoul claws you!! The ghoul misses you.
The ghoul completely misses you. The ghoul claws you!! The ghoul claws you!
The ghoul misses you.
You hit the ghoul. You burn the ghoul.
The ghoul is severely damaged.
You barely miss the ghoul. You slash the ghoul! You burn the ghoul.
You destroy the ghoul!
Trog accepts your kill.
Unknown command.
Unknown command.
You slice the ghoul!! You burn the ghoul!
The ghoul is almost destroyed.
You barely miss the ghoul. The ghoul claws you!
* * * LOW HITPOINT WARNING * * *
The ghoul claws you!
* * * LOW HITPOINT WARNING * * *
The ghoul closely misses you. The ghoul claws you.
* * * LOW HITPOINT WARNING * * *
Unknown command.
You slice the bog body!! You burn the bog body. You tail-slap the bog body.
The bog body is almost destroyed.
You hit the ghoul. You burn the ghoul. You slash the ghoul! You burn the ghoul.
You destroy the ghoul!
Trog accepts your kill.
Your Axes skill increases to level 24!
You slice the bog body!! You burn the bog body.
You destroy the bog body!
Trog accepts your kill.
Trog appreciates your killing of a magic user.
You barely miss the ghoul.
Unknown command.
You closely miss the ghoul. You tail-slap the ghoul.
The ghoul is moderately damaged.
You are no longer berserk.
You are exhausted.
You feel yourself slow down. The ghoul claws you!
* * * LOW HITPOINT WARNING * * *
The ghoul claws you!!
You die...

........''..........
........''..........
######..##..#....#..
#..##.......... +..##..........
#..####''####++
#..####''####++#########
#..##.†)...##...........
##########..##.#@##.##...........
............##.#|n'.##..#########
............## 'W=#.##..#
#''########## .#[[+ ##..#
#''###########.+:.# #..#
........##..## ##+# #..#
.#......##..# #..# ........''..#
#..# ........''..##########..#


You could see a ghoul and a freezing wraith.

Vanquished Creatures
  3 ghouls (D)
  Harold (D)
  A hydra (D)
  2 boulder beetles (D)
  2 two-headed ogres (D)
  A centaur warrior (D)
  2 flayed ghosts (D)
  A bog body (D)
  A phantasmal warrior (D)
  A lindwurm (D)
  2 deep elf pyromancers (D)
  9 harpies (D)
  A cyclops (D)
  An ugly thing (D)
  A black mamba (D)
  2 guardian serpents (D)
  A cane toad (D)
  An efreet (D)
  6 kobold demonologists (D)
  A komodo dragon (D)
  A troll (D)
  A hornet (D)
  5 blink frogs (D)
  A vampire (D)
  A jumping spider (D)
  2 spriggans (D)
  2 shadows (D)
  2 ynoxinuls (D)
  A wyvern (D)
  A steam dragon (D)
  A warg (D)
  Edmund (D)
  A floating eye (D)
  A black bear (D)
  A swamp drake (D)
  An ice beast (D)
  An ogre (D)
  7 wolves (D)
  2 phantoms (D)
  A gnoll sergeant (D)
  3 scorpions (D)
  6 killer bees (D)
  A crimson imp (D)
  Jessica (D)
  An iguana (D)
  A hell rat (D)
  A gnoll (D)
  2 white imps (D)
  An ufetubus (D)
  A bat (D)
  A giant cockroach (D)
  A goblin (D)
  5 kobolds (D)
  A quokka (D)
  A ball python skeleton (D)
  2 frilled lizards (D)
103 creatures vanquished.

Vanquished Creatures (others)
  A death yak (D)
  A kobold (D)
2 creatures vanquished.

Grand Total: 105 creatures vanquished

Notes
Turn   | Place    | Note
-------+----------+-------------------------------------------
     0 | D        | mhtbhm the Draconian Berserker began the quest for the Orb.
     0 | D        | Reached XP level 1. HP: 19/19 MP: 1/1
   215 | D        | Noticed a scorpion
   223 | D        | Killed a scorpion
   223 | D        | Reached ** piety under Trog
   224 | D        | Reached skill level 5 in Fighting
   224 | D        | Reached skill level 5 in Axes
   224 | D        | Reached XP level 2. HP: 26/30 MP: 2/2
   224 | D        | Reached XP level 3. HP: 32/37 MP: 3/3
   416 | D        | Reached XP level 4. HP: 44/44 MP: 4/4
   417 | D        | Reached *** piety under Trog
   432 | D        | Noticed a phantom
   450 | D        | Killed a phantom
   451 | D        | Reached skill level 6 in Axes
   451 | D        | Reached skill level 5 in Dodging
   451 | D        | Reached skill level 1 in Stealth
   451 | D        | Reached XP level 5. HP: 26/52 MP: 5/5
   678 | D        | Reached **** piety under Trog
   767 | D        | Noticed Jessica
   767 | D        | Noticed a black bear
   776 | D        | Reached skill level 7 in Axes
   777 | D        | Killed a black bear
   778 | D        | Reached skill level 8 in Axes
   778 | D        | Reached XP level 6. HP: 62/62 MP: 6/6
   782 | D        | Killed Jessica
   900 | D        | Reached ***** piety under Trog
   901 | D        | Reached skill level 9 in Axes
   903 | D        | Noticed a ynoxinul
   912 | D        | Killed a ynoxinul
   913 | D        | Reached skill level 10 in Axes
   913 | D        | Your scales start taking on a golden yellow colour.
   913 | D        | Reached XP level 7. HP: 41/70 MP: 7/7
   913 | D        | Gained mutation: You are resistant to acid. (rCorr) [Yellow
                  | Draconian growth]
  1180 | D        | Noticed a lindwurm
  1180 | D        | Noticed a phantasmal warrior
  1190 | D        | Killed a lindwurm
  1191 | D        | Reached skill level 10 in Fighting
  1191 | D        | Reached skill level 12 in Axes
  1191 | D        | Reached XP level 8. HP: 81/81 MP: 8/8
  1205 | D        | Killed a phantasmal warrior
  1206 | D        | Reached skill level 13 in Axes
  1444 | D        | Noticed a two-headed ogre
  1456 | D        | Reached skill level 14 in Axes
  1464 | D        | Killed a two-headed ogre
  1464 | D        | Received a gift from Trog
  1465 | D        | Reached skill level 15 in Axes
  1465 | D        | Reached XP level 9. HP: 91/91 MP: 9/9
  1593 | D        | Noticed a guardian serpent
  1594 | D        | Reached ****** piety under Trog
  1603 | D        | Killed a guardian serpent
  1603 | D        | Received a gift from Trog
  1605 | D        | Reached skill level 16 in Axes
  1755 | D        | Noticed a boulder beetle
  1764 | D        | Killed a boulder beetle
  2022 | D        | Noticed a harpy
  2026 | D        | Killed a harpy
  2027 | D        | Reached skill level 17 in Axes
  2027 | D        | Reached XP level 10. HP: 91/102 MP: 10/10
  2067 | D        | Noticed a harpy
  2067 | D        | Noticed a harpy
  2069 | D        | Noticed a harpy
  2069 | D        | Noticed a harpy
  2072 | D        | Killed a harpy
  2080 | D        | Killed a harpy
  2080 | D        | Killed a harpy
  2081 | D        | Reached skill level 18 in Axes
  2081 | D        | Reached skill level 10 in Dodging
  2081 | D        | Reached skill level 5 in Stealth
  2081 | D        | Killed a harpy
  2218 | D        | Received a gift from Trog
  2218 | D        | Noticed a centaur warrior
  2226 | D        | Killed a centaur warrior
  2597 | D        | Noticed a cyclops
  2608 | D        | Reached skill level 19 in Axes
  2608 | D        | Killed a cyclops
  2608 | D        | Received a gift from Trog
  2609 | D        | Reached skill level 15 in Fighting
  2609 | D        | Reached XP level 11. HP: 87/112 MP: 11/11
  2700 | D        | Noticed a deep elf pyromancer
  2703 | D        | Killed a deep elf pyromancer
  2788 | D        | Noticed a two-headed ogre
  2795 | D        | Received a gift from Trog
  2797 | D        | Killed a two-headed ogre
  3047 | D        | Noticed a five-headed hydra
  3047 | D        | Noticed Harold
  3053 | D        | Killed a one-headed hydra
  3054 | D        | Reached skill level 20 in Axes
  3057 | D        | Killed Harold
  3257 | D        | Received a gift from Trog
  3264 | D        | Noticed a boulder beetle
  3277 | D        | Killed a boulder beetle
  3388 | D        | Noticed a flayed ghost
  3388 | D        | Noticed a flayed ghost
  3393 | D        | Killed a flayed ghost
  3394 | D        | Reached skill level 21 in Axes
  3397 | D        | Killed a flayed ghost
  3540 | D        | Received a gift from Trog
  3570 | D        | Noticed a cyan ugly thing
  3570 | D        | Noticed a harpy
  3570 | D        | Noticed a harpy
  3570 | D        | Noticed a harpy
  3570 | D        | Noticed a harpy
  3576 | D        | Killed a harpy
  3577 | D        | Killed a harpy
  3577 | D        | Killed a harpy
  3581 | D        | Killed a cyan ugly thing
  3582 | D        | Reached skill level 22 in Axes
  3590 | D        | Killed a harpy
  3590 | D        | Received a gift from Trog
  3591 | D        | Reached XP level 12. HP: 30/125 MP: 12/12
  3943 | D        | Noticed Edmund
  3955 | D        | Killed Edmund
  3956 | D        | Noticed a death yak
  3959 | D        | Received a gift from Trog
  3970 | D        | Reached skill level 23 in Axes
  3970 | D        | Received a gift from Trog
  3973 | D        | Killed a death yak
  4311 | D        | Noticed a ghoul
  4311 | D        | Noticed a ghoul
  4311 | D        | Noticed a ghoul
  4311 | D        | Noticed a ghoul
  4321 | D        | Received a gift from Trog
  4324 | D        | Killed a ghoul
  4330 | D        | Killed a ghoul
  4332 | D        | Killed a ghoul
  4333 | D        | Reached skill level 24 in Axes
  4334 | D        | Mangled by a ghoul

Illustrated notes

Levels and vault maps discovered:
D:        pitsprint [storerooms_1, entrance_room_1, metal_vault_2, armoury_1,
          mini_pit_1, grid_room_1, main_hall_1, silver_pit, the_coven_1,
          the_vestibule_1, steel_vault_2, golden_pit, hallway_of_sentries,
          crystal_vault_5, iron_vault_4, final_vault]

Skill      XL: |  1  2  3  4  5  6  7  8  9 10 11 12 |
---------------+-------------------------------------+-----
Dodging        | 4 5 6 7 8 9 11 12 13 | 13.4
Fighting       | 5 7 8 9 10 12 13 15 17 18 | 18.5
Axes           | 5 6 8 10 12 15 17 19 22 24 | 24.1
Stealth        | 1 2 3 4 5 |  5.6
Throwing       | |  0.4

Action                   |  1- 3 |  4- 6 |  7- 9 | 10-12 || total
-------------------------+-------+-------+-------+-------++-------
Melee: Hand axe          |    16 |    48 |    32 |       ||    96
       Tailslap          |     1 |     3 |     9 |    23 ||    36
       Punch             |       |     1 |     1 |       ||     2
       War axe           |       |       |    16 |       ||    16
       Executioner's axe |       |       |     8 |   140 ||   148
Throw: Throwing net      |       |       |       |     1 ||     1
Invok: Berserk           |     1 |     2 |     2 |     5 ||    10
 Abil: Breathe Acid      |       |       |     4 |     6 ||    10
  Use: Potion            |       |       |       |     2 ||     2
 Stab: Sleeping          |     1 |       |       |       ||     1
       Confused          |       |       |       |     1 ||     1
Armor: Skin              |     5 |     9 |     9 |    49 ||    72
Dodge: Dodged            |     7 |    34 |    38 |   196 ||   275

Table legend: (Time is in decaauts)
 A = Elapsed time spent in this place.
 B = Non-inter-level travel time spent in this place.
 C = Inter-level travel time spent in this place.
 D = Time resting spent in this place.
 E = Time spent auto-exploring this place.
 F = Levels seen in this place.
 G = Mean time per level.
                   A        B        C        D        E       F      G
               +--------+--------+--------+--------+--------+-----+--------+
         Total |   4365 |   4365 |      0 |   3287 |      0 |   1 | 4365.0 |
       Dungeon |   4365 |   4365 |      0 |   3287 |      0 |   1 | 4365.0 |
               +--------+--------+--------+--------+--------+-----+--------+

Top non-repeatable levels by time:
       D: 4365 daAuts
